cohdb
Replays
Latest Replays
All Replays
Popular Replays
Top Player Replays
Match Explorer
How It Works
Community
CoH3 Stats
Reddit
Sign in to upload your games and track your stats! →
Sign in with Steam
Match 42479731
Unlisted
Match 42479731
Overview
Messages
Build Orders
End
Construct Section Command Post
Infantry Section
Infantry Section
Selects Heavy Armor Battlegroup
Infantry Section
Vickers Machine Gun Team
Selects Rigorous Vehicle Training
Construct Platoon Command Post
Humber Armored Car
CMP 15cwt Truck
Grenade Package
Unlock Bishop Self-propelled Artillery
Bishop Self-propelled Artillery
Selects Forward Repair Assembly
Bishop Self-propelled Artillery
TidaL
FJXddddd
Jangbihwan
pagodas
3.1415
onator210
0
0
Comments
sign in to comment!
No comments posted yet!